 Dungeon Crawl Stone Soup version 0.22-a0-247-gbddf880757 (webtiles) character file.

196 Peterchen the Chopper (level 5, 0/47 HPs)
             Began as a Hill Orc Monk on Feb 23, 2018.
             Was a Priest of Kikubaaqudgha.
             Succumbed to Sigmund's poison
             ... on level 4 of the Dungeon.
             The game lasted 00:14:29 (3137 turns).

Peterchen the Chopper (Hill Orc Monk)               Turns: 3137, Time: 00:14:29

Health: 0/47       AC:  5    Str: 16    XL:     5   Next: 74%
Magic:  5/5        EV: 12    Int: 11    God:    Kikubaaqudgha [***...]
Gold:   276        SH:  0    Dex: 13    Spells: 2/4 levels left

rFire    . . .     SeeInvis +   a - +0 hand axe
rCold    . . .     Gourm    .   (no shield)
rNeg     . . .     Faith    .   y - +0 leather armour
rPois    .         Spirit   .   (no helmet)
rElec    .         Reflect  .   n - +1 cloak {+Inv}
rCorr    .         Harm     .   (no gloves)
MR       .....                  (no boots)
Stlth    ++........             g - amulet of magic regeneration
HPRegen  0.15/turn              t - +2 ring of strength
MPRegen  0.34/turn              j - ring of see invisible

@: lethally poisoned (0 -> -18), very slightly contaminated
A: no striking features
a: Receive Corpses, Renounce Religion, Evoke Invisibility


You were on level 4 of the Dungeon.
You worshipped Kikubaaqudgha.
Kikubaaqudgha was most pleased with you.
You were hungry.

You visited 1 branch of the dungeon, and saw 4 of its levels.

You collected 276 gold pieces.

Inventory:

Hand Weapons
 a - a +0 hand axe (weapon)
Missiles
 e - 3 silver javelins (quivered)
 w - 21 poisoned needles
Armour
 n - a +1 cloak of invisibility (worn)
 y - a +0 leather armour (worn)
Jewellery
 g - an amulet of magic regeneration (around neck)
 j - a ring of see invisible (right hand)
 t - a +2 ring of strength (left hand)
Scrolls
 b - 4 scrolls of identify {unknown}
 d - 2 scrolls of amnesia {unknown}
 h - 3 scrolls of remove curse {unknown}
 l - 3 scrolls of teleportation {unknown}
 u - 2 scrolls of blinking {unknown}
Potions
 k - 3 potions of heal wounds {unknown}
 m - a potion of ambrosia {unknown}
 o - a potion of resistance {unknown}
 q - a potion of agility {unknown}
 r - a potion of invisibility {unknown}
 s - a potion of brilliance {unknown}
 v - 2 potions of curing {unknown}
Comestibles
 c - 9 rations
 p - 3 chunks of flesh


   Skills:
 + Level 4.8 Fighting
 * Level 6.5 Axes
 + Level 2.6 Armour
 - Level 2.4 Dodging
 - Level 1.5 Stealth


You had 2 spell levels left.
You knew the following spells:

 Your Spells              Type           Power        Failure   Level  Hunger
a - Animate Skeleton      Necr           N/A          38%         1    ##.....
b - Pain                  Necr           #...         38%         1    ##.....


Dungeon Overview and Level Annotations

Branches:
Dungeon (4/15)
 Temple: D:4-7

Altars:
Kikubaaqudgha
Trog
Zin
The Shining One
Beogh

Portals:
Sewer: D:4

Annotations:
D:4 Sigmund


Message History

You slash Sigmund!
Sigmund is almost dead.
* * * LOW HITPOINT WARNING * * *
You feel sick.
You hit Sigmund but do no damage.
Sigmund is almost dead.
You are feeling hungry.
* * * LOW HITPOINT WARNING * * *
You feel sick.
Sigmund says, "Look into my eyes."
Sigmund hits you with a scythe of venom!
* * * LOW HITPOINT WARNING * * *
You closely miss Sigmund.
Sigmund is almost dead.
* * * LOW HITPOINT WARNING * * *
You feel sick. Sigmund completely misses you.
You barely miss Sigmund.
Sigmund is almost dead.
You die...
Kikubaaqudgha rasps: "You have failed me!
Welcome... death!"

#.# #.... #.##### #....
##.#...####.... ##+#
#.........#.... ##...#
#.........#.... #.....#
#...[.....###.# .......##
##.........##...
..$.....####.......##.##.#.
........'@@..............#.
.....!..####[...#####..####
.......## ##.#.# #....#.
....... #.........##)#.
##....# ###.########)..
##... .# #### ..... # #
..<.. # ..... #


You could see Sigmund (invisible).

Vanquished Creatures
  An orc priest (D:3)
  Crazy Yiuf (D:2)
  2 adders (D:3)
  4 gnolls (D:4)
  An adder skeleton (D:4)
  A dart slug (D:2)
  6 leopard geckos
  7 orcs
  12 giant cockroaches
  7 goblins
  4 hobgoblins
  A quokka (D:2)
  6 bats
  2 frilled lizards
  4 kobolds
  5 rats
64 creatures vanquished.

Notes
Turn   | Place    | Note
-------+----------+-------------------------------------------
     0 | D:1      | Peterchen the Hill Orc Monk began the quest for the Orb.
     0 | D:1      | Reached XP level 1. HP: 19/19 MP: 1/1
   299 | D:1      | Reached XP level 2. HP: 22/27 MP: 2/2
   650 | D:2      | Reached skill level 1 in Armour
   714 | D:2      | Found a faded altar of an unknown god.
   747 | D:2      | Became a worshipper of Kikubaaqudgha
   747 | D:2      | Reached * piety under Kikubaaqudgha
   747 | D:2      | Identified Kikubaaqudgha's Guide on Darkness (Kikubaaqudgha gifted it to you on level 2 of the Dungeon)
   747 | D:2      | Received a gift from Kikubaaqudgha
   747 | D:2      | Reached ** piety under Kikubaaqudgha
   751 | D:2      | Learned a level 1 spell: Animate Skeleton
   930 | D:2      | Reached XP level 3. HP: 28/33 MP: 3/3
  1039 | D:2      | Reached *** piety under Kikubaaqudgha
  1039 | D:2      | Identified Kikubaaqudgha's Almanac of Dark Arts (Kikubaaqudgha gifted it to you on level 2 of the Dungeon)
  1039 | D:2      | Received a gift from Kikubaaqudgha
  1144 | D:2      | Found a bloodstained altar of Trog.
  1181 | D:2      | Reached skill level 5 in Axes
  1264 | D:2      | Found a runed door.
  1487 | D:2      | Noticed Crazy Yiuf
  1496 | D:2      | Killed Crazy Yiuf
  1496 | D:2      | Reached XP level 4. HP: 40/40 MP: 4/4
  1851 | D:3      | Found a glowing silver altar of Zin.
  1861 | D:3      | Found a glowing golden altar of the Shining One.
  2052 | D:3      | Found a roughly hewn altar of Beogh.
  2074 | D:3      | HP: 2/41 [orc priest/divine providence (11)]
  2075 | D:3      | Reached skill level 6 in Axes
  2075 | D:3      | Reached XP level 5. HP: 2/47 MP: 5/5
  2906 | D:4      | Found a glowing drain.
  3112 | D:4      | Noticed Sigmund
  3115 | D:4      | Learned a level 1 spell: Pain
  3136 | D:4      | HP: 2/47 [poisoned by Sigmund]
  3137 | D:4      | Succumbed to Sigmund's poison

Vault maps used:
D:1:      dpeg_arrival_orchard
D:2:      lightli_temple_of_fire, chequers_ecumenical_altar_grove,
          uniq_crazy_yiuf_cottage
D:3:      amethyst_overflow_temple_binary, first_ration,
          kennysheep_decorative_pillar, kennysheep_orc_chapel
D:4:      portal_sewer_entry_f, uniq_sigmund

Skill      XL: |  1  2  3  4 |
---------------+-------------+-----
Armour         | 1 2 |  2.6
Fighting       | 4 |  4.8
Axes           | 5 6 |  6.5
Dodging        | |  2.4
Stealth        | |  1.5

Action                   |  1- 3 |  4- 6 || total
-------------------------+-------+-------++-------
Melee: Hand axe          |    88 |   169 ||   257
Throw: Javelin           |       |     1 ||     1
 Cast: Pain              |       |     4 ||     4
Invok: Receive Corpses   |       |     1 ||     1
 Stab: Sleeping          |     3 |       ||     3
  Eat: Chunk             |     2 |     2 ||     4
       Ration            |       |     1 ||     1
Armor: Scale mail        |    28 |    68 ||    96
       Robe              |     3 |       ||     3
Dodge: Dodged            |    55 |   119 ||   174

Table legend:
 A = Spawn XP
 B = Non-spawn XP
 C = Spawn XP percentage of total XP
 D = Spawn monster count
 E = Non-spawn monster count
 F = Spawn count percentage of total count
 G = Total turns spent on level
                    A         B        C        D         E        F      G
               +---------+---------+-------+---------+---------+-------+---------
         Total |       0 |     280 |   0.0 |       0 |      64 |   0.0 |  3137
               +---------+---------+-------+---------+---------+-------+---------
           D:1 |       0 |      18 |   0.0 |       0 |      11 |   0.0 |   626
           D:2 |       0 |      72 |   0.0 |       0 |      18 |   0.0 |  1030
           D:3 |       0 |     106 |   0.0 |       0 |      20 |   0.0 |   905
           D:4 |       0 |      84 |   0.0 |       0 |      15 |   0.0 |   576
               +---------+---------+-------+---------+---------+-------+---------
